3A
MYRTLE BEACH SEAHAWKS @ IDAHO FALLS CHUKARS
05/28/2024
 
TOP OF THE 1ST
Provo Mango batting - Pitching for Mt. Vernon Bulls : RHP Pepe Delgado
Pitching: RHP Pepe Delgado
Batting: SHB Pedro Vásquez 0-0: Ground out 4-3 (Groundball, 4M)
Batting: SHB Jesús Herrera 0-0: SINGLE (Groundball, 4M)
Batting: RHB Xavier Hernández 0-0: Ball
1-0: Called Strike
1-1: Ball
2-1: Fly out, F9 (Line Drive, 89M)
Batting: RHB Lúcio Sánchez 0-0: Ball
1-0: Called Strike
1-1: Ball
2-1: Foul Ball, location: 2F
2-2: DOUBLE (Line Drive, 78M)
Jesús Herrera to third
Runner from 3rd tries for Home, SAFE, no throw or cutoff
Batting: RHB Tomás Castillo 0-0: Called Strike
0-1: Foul Ball, location: 2F
0-2: Strikes out looking
Top of the 1st over - 1 run(s), 2 hit(s), 0 error(s), 1 left on base; Provo 1 - Mt. Vernon 0
BOTTOM OF THE 1ST
Mt. Vernon Bulls batting - Pitching for Provo Mango : RHP Archibald Bridgestone
Pitching: RHP Archibald Bridgestone
Batting: LHB Miguel García 0-0: Ball
1-0: Ground out 6-3 (Groundball, 6M)
Batting: RHB Alfonso Bocanegra 0-0: Ball
1-0: Called Strike
1-1: Ground out 6-3 (Groundball, 6)
Batting: SHB Ricardo Pérez 0-0: Ball
1-0: Ball
2-0: Ball
3-0: Base on Balls
Batting: LHB Álex Ramírez 0-0: Foul Ball, location: 2F
0-1: Ball
1-1: Foul Ball, location: 2F
1-2: Fly out, F8 (Flyball, 8LM)
Bottom of the 1st over - 0 run(s), 0 hit(s), 0 error(s), 1 left on base; Provo 1 - Mt. Vernon 0
TOP OF THE 2ND
Provo Mango batting - Pitching for Mt. Vernon Bulls : RHP Pepe Delgado
Batting: SHB Tom Oglander 0-0: Ball
1-0: Swinging Strike
1-1: Foul Ball, location: 2F
1-2: Ball
2-2: Foul Ball, location: 2F
2-2: Strikes out swinging
Batting: RHB Ronald Drumpf 0-0: Ball
1-0: Ball
2-0: Called Strike
2-1: Swinging Strike
2-2: Strikes out swinging
Batting: RHB Jordan Hollins 0-0: SINGLE (Line Drive, 8LS)
Batting: RHB Mauro Longoria 0-0: Ball
Pickoff Throw to First - Out!
Top of the 2nd over - 0 run(s), 1 hit(s), 0 error(s), 0 left on base; Provo 1 - Mt. Vernon 0
BOTTOM OF THE 2ND
Mt. Vernon Bulls batting - Pitching for Provo Mango : RHP Archibald Bridgestone
Batting: RHB Jorge Miranda 0-0: Called Strike
0-1: Ball
1-1: SINGLE (Line Drive, 8LS)
Batting: RHB Carlos Vega 0-0: Ball
Jorge Miranda steals 2nd base
1-0: Foul Ball, location: 2F
1-1: Foul Ball, location: 2F
1-2: SINGLE (Line Drive, 4)
Jorge Miranda to third
Batting: RHB Luis González 0-0: Called Strike
0-1: SINGLE (Line Drive, 56D)
Jorge Miranda scores
Carlos Vega to second
Batting: RHB Franklin Gestel 0-0: SINGLE (Flyball, 89S)
Carlos Vega to third
Luis González to second
Batting: LHB Count Dante 0-0: Ball
1-0: Ground out 5-3 (Groundball, 5S)
Carlos Vega scores
Luis González to third
Franklin Gestel to second
Batting: LHB Miguel García 0-0: Ball
1-0: Foul Ball, location: 2F
1-1: Called Strike
1-2: Ball
2-2: Ball
3-2: Foul Ball, location: 2F
3-2: Strikes out looking
Batting: RHB Alfonso Bocanegra 0-0: Ball
1-0: Called Strike
1-1: Foul Ball, location: 2F
1-2: Strikes out looking
Bottom of the 2nd over - 2 run(s), 4 hit(s), 0 error(s), 2 left on base; Provo 1 - Mt. Vernon 2
TOP OF THE 3RD
Provo Mango batting - Pitching for Mt. Vernon Bulls : RHP Pepe Delgado
Batting: RHB Mauro Longoria 0-0: Called Strike
0-1: Called Strike
0-2: Strikes out swinging
Batting: SHB Pedro Vásquez 0-0: Ball
1-0: Ball
2-0: Bunted foul
2-1: Ground out 4-3 (Groundball, 4)
Batting: SHB Jesús Herrera 0-0: Called Strike
0-1: Called Strike
0-2: Foul Ball, location: 2F
0-2: Foul Ball, location: 2F
0-2: Fly out, F8 (Line Drive, 8LM)
Top of the 3rd over - 0 run(s), 0 hit(s), 0 error(s), 0 left on base; Provo 1 - Mt. Vernon 2
BOTTOM OF THE 3RD
Mt. Vernon Bulls batting - Pitching for Provo Mango : RHP Archibald Bridgestone
Batting: SHB Ricardo Pérez 0-0: Called Strike
0-1: Ball
1-1: Foul Ball, location: 2F
1-2: Foul Ball, location: 2F
1-2: SINGLE (Groundball, 6MD)
Batting: LHB Álex Ramírez 0-0: Ball
1-0: DOUBLE (Line Drive, 8LM)
Ricardo Pérez to third
Runner from 3rd tries for Home, throw and OUT!
Batting: RHB Jorge Miranda 0-0: Called Strike
Álex Ramírez steals 3rd base
0-1: Foul Ball, location: 2F
0-2: Ball
1-2: Strikes out swinging
Batting: RHB Carlos Vega 0-0: Ball
1-0: Called Strike
1-1: Ball
2-1: Ground out 6-3 (Groundball, 6)
Bottom of the 3rd over - 0 run(s), 2 hit(s), 0 error(s), 1 left on base; Provo 1 - Mt. Vernon 2
TOP OF THE 4TH
Provo Mango batting - Pitching for Mt. Vernon Bulls : RHP Pepe Delgado
Batting: RHB Xavier Hernández 0-0: Ball
1-0: Foul Ball, location: 2F
1-1: Ball
2-1: Ball
3-1: Called Strike
3-2: SINGLE (Groundball, 5L)
Batting: RHB Lúcio Sánchez 0-0: Foul Ball, location: 2F
0-1: Ball
1-1: Foul Ball, location: 2F
1-2: Ball
2-2: Fly out, F7 (Flyball, 7S)
Batting: RHB Tomás Castillo 0-0: Ball
1-0: Ball
2-0: Foul Ball, location: 2F
2-1: SINGLE (Groundball, 34S)
Xavier Hernández to second
Runner from 2nd tries for 3rd, SAFE, no throw or cutoff
Batting: SHB Tom Oglander 0-0: Called Strike
0-1: Ball
1-1: Foul Ball, location: 2F
1-2: Foul Ball, location: 2F
1-2: Foul Ball, location: 2F
1-2: Ball
2-2: Fly out, F5 (Line Drive, 5S)
Batting: RHB Ronald Drumpf 0-0: Ball
1-0: Foul Ball, location: 2F
1-1: Ball
2-1: Fielders Choice at 2nd, 6-4 (Groundball, 6MS)
Top of the 4th over - 0 run(s), 2 hit(s), 0 error(s), 1 left on base; Provo 1 - Mt. Vernon 2
BOTTOM OF THE 4TH
Mt. Vernon Bulls batting - Pitching for Provo Mango : RHP Archibald Bridgestone
Batting: RHB Luis González 0-0: Fly out, F8 (Line Drive, 8RM)
Batting: RHB Franklin Gestel 0-0: Called Strike
0-1: Called Strike
0-2: Ground out 6-3 (Groundball, 6)
Batting: LHB Count Dante 0-0: Ball
1-0: Called Strike
1-1: Fly out, F7 (Flyball, 7M)
Bottom of the 4th over - 0 run(s), 0 hit(s), 0 error(s), 0 left on base; Provo 1 - Mt. Vernon 2
TOP OF THE 5TH
Provo Mango batting - Pitching for Mt. Vernon Bulls : RHP Pepe Delgado
Batting: RHB Jordan Hollins 0-0: Swinging Strike
0-1: SINGLE (Line Drive, 5D)
Batting: RHB Mauro Longoria 0-0: Ball
1-0: Bunt missed!
1-1: Sac Bunt - play at first, batter OUT! 2-4
Jordan Hollins to second
Batting: SHB Pedro Vásquez 0-0: Ball
1-0: Ball
2-0: Called Strike
2-1: Ball
3-1: Base on Balls
Batting: SHB Jesús Herrera 0-0: Ball
1-0: Ball
2-0: Foul Ball, location: 2F
2-1: Foul Ball, location: 2F
2-2: Fielders Choice at 2nd, 6-4 (Groundball, 6M)
Jordan Hollins to third
Batting: RHB Xavier Hernández 0-0: Called Strike
Jesús Herrera steals 2nd base
0-1: Fly out, F7 (Flyball, 7M)
Top of the 5th over - 0 run(s), 1 hit(s), 0 error(s), 2 left on base; Provo 1 - Mt. Vernon 2
BOTTOM OF THE 5TH
Mt. Vernon Bulls batting - Pitching for Provo Mango : RHP Archibald Bridgestone
Batting: LHB Miguel García 0-0: Ball
1-0: Ground out U3 (Groundball, 3L)
Batting: RHB Alfonso Bocanegra 0-0: Called Strike
0-1: Ball
1-1: Called Strike
1-2: Ball
2-2: Ball
3-2: Base on Balls
Batting: SHB Ricardo Pérez 0-0: Ball
Alfonso Bocanegra steals 2nd base
1-0: Intentional Walk
Batting: LHB Álex Ramírez 0-0: Foul Ball, location: 2F
0-1: Ball
1-1: Foul Ball, location: 2F
1-2: Foul Ball, location: 2F
1-2: Strikes out swinging
Batting: RHB Jorge Miranda 0-0: Swinging Strike
0-1: Ball
1-1: Ball
2-1: Foul Ball, location: 2F
2-2: Strikes out swinging
Bottom of the 5th over - 0 run(s), 0 hit(s), 0 error(s), 2 left on base; Provo 1 - Mt. Vernon 2
TOP OF THE 6TH
Provo Mango batting - Pitching for Mt. Vernon Bulls : RHP Pepe Delgado
Batting: RHB Lúcio Sánchez 0-0: Foul Ball, location: 2F
0-1: Foul Ball, location: 2F
0-2: Ball
1-2: Ball
2-2: Ball
3-2: SINGLE (Line Drive, 8RS)
Batting: RHB Tomás Castillo 0-0: Ball
1-0: Fielders Choice at 2nd, U4 (Groundball, 4M)
Batting: SHB Tom Oglander 0-0: Fly out, F2 (Popup, 2R)
Batting: RHB Ronald Drumpf 0-0: Called Strike
Tomás Castillo steals 2nd base
0-1: Ball
1-1: Fly out, F7 (Line Drive, 78M)
Top of the 6th over - 0 run(s), 1 hit(s), 0 error(s), 1 left on base; Provo 1 - Mt. Vernon 2
BOTTOM OF THE 6TH
Mt. Vernon Bulls batting - Pitching for Provo Mango : RHP Archibald Bridgestone
Batting: RHB Carlos Vega 0-0: Called Strike
0-1: Foul Ball, location: 2F
0-2: Strikes out swinging
Batting: RHB Luis González 0-0: Ball
1-0: Ball
2-0: Fly out, F4 (Popup, 6MD)
Batting: RHB Franklin Gestel 0-0: Called Strike
0-1: Fly out, F9 (Flyball, 9M)
Bottom of the 6th over - 0 run(s), 0 hit(s), 0 error(s), 0 left on base; Provo 1 - Mt. Vernon 2
TOP OF THE 7TH
Provo Mango batting - Pitching for Mt. Vernon Bulls : RHP Pepe Delgado
Batting: RHB Jordan Hollins 0-0: Ground out U3 (Groundball, 3L)
Batting: RHB Mauro Longoria 0-0: Ball
1-0: Ball
2-0: Called Strike
2-1: Called Strike
2-2: Ball
3-2: Foul Ball, location: 2F
3-2: Foul Ball, location: 2F
3-2: Fly out, F8 (Flyball, 8LM)
Batting: SHB Pedro Vásquez 0-0: Ball
1-0: Fly out, F6 (Line Drive, 6)
Top of the 7th over - 0 run(s), 0 hit(s), 0 error(s), 0 left on base; Provo 1 - Mt. Vernon 2
BOTTOM OF THE 7TH
Mt. Vernon Bulls batting - Pitching for Provo Mango : RHP Archibald Bridgestone
Batting: LHB Count Dante 0-0: Ground out 1-3 (Groundball, 34S)
Batting: LHB Miguel García 0-0: Foul Ball, location: 2F
0-1: Ball
1-1: Ball
2-1: Foul Ball, location: 2F
2-2: Ball
3-2: Base on Balls
Batting: RHB Alfonso Bocanegra 0-0: Called Strike
0-1: Called Strike
0-2: Ball
1-2: Foul Ball, location: 2F
1-2: Ball
2-2: Fielders Choice at 2nd, 6-4 (Groundball, 6)
Batting: SHB Ricardo Pérez 0-0: Foul Ball, location: 2F
0-1: Ball
1-1: Swinging Strike
1-2: Ground out U3 (Groundball, 3)
Bottom of the 7th over - 0 run(s), 0 hit(s), 0 error(s), 1 left on base; Provo 1 - Mt. Vernon 2
TOP OF THE 8TH
Provo Mango batting - Pitching for Mt. Vernon Bulls : RHP Pepe Delgado
Pitching: LHP Gerard McCall
Now at 2B: Andrés Rico
Now in CF: Jesús Villalba
Batting: SHB Jesús Herrera 0-0: Called Strike
0-1: Called Strike
0-2: Ball
1-2: Foul Ball, location: 2F
1-2: Strikes out swinging
Pitching: RHP Colm Soto
Batting: RHB Xavier Hernández 0-0: Ball
1-0: Ball
2-0: Ball
3-0: Base on Balls
Batting: RHB Lúcio Sánchez 0-0: Called Strike
0-1: Ball
1-1: Ball
2-1: Ground out 5-3 (Groundball, 5S)
Xavier Hernández to second
Pinch Hitting: RHB Santiago Ramos 0-0: Ball
1-0: Called Strike
1-1: Called Strike
1-2: Strikes out swinging
Top of the 8th over - 0 run(s), 0 hit(s), 0 error(s), 1 left on base; Provo 1 - Mt. Vernon 2
BOTTOM OF THE 8TH
Mt. Vernon Bulls batting - Pitching for Provo Mango : RHP Archibald Bridgestone
Now in RF: Jim Unknown
Batting: LHB Álex Ramírez 0-0: Ball
1-0: Ball
2-0: Called Strike
2-1: Ball
3-1: Swinging Strike
3-2: Strikes out swinging
Batting: RHB Jorge Miranda 0-0: Called Strike
0-1: Ball
1-1: Called Strike
1-2: Foul Ball, location: 2F
1-2: Strikes out swinging
Batting: RHB Carlos Vega 0-0: SINGLE (Line Drive, 8LS)
Batting: RHB Luis González 0-0: Ball
1-0: DOUBLE (Groundball, 5L)
Carlos Vega to third
Runner from 3rd tries for Home, SAFE, throw made home
Batting: RHB Franklin Gestel 0-0: Called Strike
0-1: Ground out 1-3 (Groundball, 15S)
Bottom of the 8th over - 1 run(s), 2 hit(s), 0 error(s), 1 left on base; Provo 1 - Mt. Vernon 3
TOP OF THE 9TH
Provo Mango batting - Pitching for Mt. Vernon Bulls : RHP Colm Soto
Pitching: RHP Marc Morgan
Batting: SHB Tom Oglander 0-0: Ball
1-0: DOUBLE (Line Drive, 7LM)
Batting: RHB Ronald Drumpf 0-0: Foul Ball, location: 2F
0-1: Swinging Strike
0-2: Ball
1-2: Fly out, F7 (Flyball, 78M)
Pinch Hitting: RHB Jim Unknown 0-0: Called Strike
0-1: Ball
1-1: Called Strike
1-2: Strikes out swinging
Pinch Hitting: SHB Héctor Anbablo 0-0: Foul Ball, location: 2F
0-1: Ball
1-1: Called Strike
1-2: Foul Ball, location: 2F
1-2: Foul Ball, location: 2F
1-2: Ball
2-2: Strikes out looking
Top of the 9th over - 0 run(s), 1 hit(s), 0 error(s), 1 left on base; Provo 1 - Mt. Vernon 3
This league is powered by Out of the Park Baseball, the baseball management simulation game for PC, Mac and Linux
Monday, October 3rd, 2016 - OOTP Baseball 16.9 Build 39